 Dungeon Crawl Stone Soup version 0.29.1-2-gbd0b4ee654 (webtiles) character file.

Game seed: 3850678905581333615

26 GeoRichter the Chiller (level 2, -1/19 HPs)
             Began as a Demonspawn Ice Elementalist on Nov 5, 2022.
             Slain by an orc
             ... wielding a +0 hand axe
              (5 damage)
             ... on level 1 of the Dungeon.
             The game lasted 00:01:13 (1134 turns).

GeoRichter the Chiller (DsIE)                       Turns: 1134, Time: 00:01:13

Health: -1/19      AC:  3    Str:  8    XL:     2   Next: 89%
Magic:  0/5        EV: 12    Int: 16    God:
Gold:   33         SH:  0    Dex: 13    Spells: 4/5 levels left

rFire   . . .      SeeInvis .   d - +1 dagger (speed)
rCold   . . .      Faith    .   (no shield)
rNeg    . . .      Spirit   .   a - +0 robe
rPois   .          Reflect  .   (no helmet)
rElec   .          Harm     .   (no cloak)
rCorr   .          Rampage  .   (no gloves)
Will    .....                   f - +0 pair of boots
Stlth   ++........              (no amulet)
HPRegen 0.06/turn               (no ring)
MPRegen 0.09/turn               (no ring)

@: very slightly contaminated
A: claws 1
a: no special abilities


You were on level 1 of the Dungeon.
You visited 1 branch of the dungeon, and saw 2 of its levels.

You collected 33 gold pieces.

Inventory:

Hand Weapons
 d - a +1 dagger of speed (weapon)
   (You took it off a goblin on level 1 of the Dungeon)
Armour
 a - a +0 robe (worn)
 f - a +0 pair of boots (worn)
   (You found it on level 1 of the Dungeon)
Scrolls
 c - 4 scrolls of identify {unknown}
 g - a scroll of fog {unknown}
Potions
 b - a potion of magic
 e - a potion of resistance {unknown}


   Skills:
 - Level 1.7 Dodging
 - Level 1.7 Stealth
 + Level 2.4 Spellcasting
 * Level 4.2 Ice Magic


You had 4 spell levels left.
You knew the following spells:

 Your Spells              Type           Power      Damage    Failure   Level
a - Freeze                Ice            60%        1d8       3%          1

Your spell library contained the following spells:

 Spells                   Type           Power      Damage    Failure   Level
 Frozen Ramparts          Ice            30%        1d5       11%         3
 Ozocubu's Armour         Ice            15%        N/A       11%         3
 Hailstorm                Conj/Ice       8%         3d4       63%         4


Dungeon Overview and Level Annotations

Branches:
Dungeon (2/15) Zot: 10856

Altars:


Innate Abilities, Weirdness & Mutations

You have sharp fingernails.


Message History

Moving in this stuff is going to be slow.
A kobold comes into view. It is wielding a +0 short sword.
Found a stone staircase leading down.
A kobold is nearby!
The kobold shouts!
The kobold barely misses you.
You hit the kobold but do no damage.
The kobold hits you with a +0 short sword.
You freeze the kobold!
You kill the kobold!
You enter the shallow water.
Moving in this stuff is going to be slow.
You enter the shallow water.
Moving in this stuff is going to be slow.
You see here a +0 mace.
You see here a +0 mace.
You enter the shallow water.
Moving in this stuff is going to be slow.
You enter the shallow water.
Moving in this stuff is going to be slow.
You enter the shallow water.
Moving in this stuff is going to be slow.
You enter the shallow water.
Moving in this stuff is going to be slow.
You enter the shallow water.
Moving in this stuff is going to be slow.
You see here 5 stones.
You see here a +0 mace.
Done exploring.
Done exploring.
There is a stone staircase leading down here.
You climb downwards.
The orc shouts! x2; You hear a shout!
You hear an angry hiss.
There is a stone staircase leading up here.
You freeze the orc. The orc hits you with a +0 club. The orc barely misses you.
You freeze the orc. The orc hits you with a +0 club. The orc barely misses you.
The orc completely misses you. The orc hits you with a +0 hand axe.
You climb upwards.
There is a stone staircase leading down here.
You freeze the orc.
You kill the orc!
The orc closely misses you.
You miscast Freeze.
You are very lightly contaminated with residual magic.
Nothing appears to happen.
The orc hits you with a +0 hand axe.
You freeze the orc. The orc hits you with a +0 hand axe.
* * * LOW HITPOINT WARNING * * *
You hit the orc. You hit the orc. The orc hits you with a +0 hand axe.
You die...

#..# #..#.. ##.#
#..#.. #.# #..#.#
#.# #..#(# #.#
#..#.#
#.###########....#
#.##.............#
#o##.#######.....#
#@##.# ##....#
#)##.# ####.#
#.##.## #...
#.#...# #..#
#.#.#.#########...
#...............##
###...########....
##.## ##### #.# #


You could see an orc.

Vanquished Creatures
  An orc (D:1)
  2 ball pythons (D:1)
  2 bats (D:1)
  An endoplasm (D:1)
  2 giant cockroaches (D:1)
  2 hobgoblins (D:1)
  4 jackals (D:1)
  A kobold (D:1)
  3 quokkas (D:1)
  A frilled lizard (D:1)
  A goblin (D:1)
20 creatures vanquished.

Notes
Turn   | Place    | Note
-------+----------+-------------------------------------------
     0 | D:1      | GeoRichter the Demonspawn Ice Elementalist began the quest
                  | for the Orb.
     0 | D:1      | Reached XP level 1. HP: 13/13 MP: 3/3
   176 | D:1      | Gained mutation: You have sharp fingernails. [demonic
                  | ancestry]
   176 | D:1      | Reached XP level 2. HP: 16/19 MP: 0/5
   254 | D:1      | Reached skill level 4 in Ice Magic
   276 | D:1      | Found a faded altar of an unknown god.
  1134 | D:1      | Slain by an orc

Illustrated notes

Levels and vault maps discovered:
D:1:      minmay_arrival_open_corners, layout_loops_ring,
          shapermc_ecumenical_altar_gd, minivault_27, serial_bayou_pond_e,
          st_stairs_14, serial_bayou_lagoon_a, minmay_tree_intersection,
          hex_medium
D:2:      layout_loops_ring, basic_altar, minmay_small_reverse_x

Skill      XL: |  1  2 |
---------------+-------+-----
Ice Magic      | 4 |  4.2
Dodging        | |  1.7
Stealth        | |  1.7
Spellcasting   | |  2.4

Action                   || total
-------------------------++-------
Melee: Dagger            ||     9
 Cast: Freeze            ||    26
 Stab: Sleeping          ||     1
Armor: Robe              ||     3
Dodge: Dodged            ||    22
